 Dungeon Crawl Stone Soup version 0.20.0-10-g0535bb4 (webtiles) character file.

93 grindst0ne the Sneak (level 4, -1/33 HPs)
             Began as a Vampire Assassin on June 7, 2017.
             Killed from afar by a dart slug (4 damage)
             ... with a slug dart
             ... on level 1 of the Dungeon.
             The game lasted 00:06:38 (2996 turns).

grindst0ne the Sneak (Vampire Assassin)             Turns: 2996, Time: 00:06:39

Health: -1/33      AC:  6    Str: 10    XL:     4   Next: 36%
Magic:  4/4        EV: 13    Int: 13    God:
Gold:   36         SH:  0    Dex: 16    Spells: 3/3 levels left

rFire    . . .     SeeInvis +   l - -3 dagger (curse)
rCold    + + .     Gourm    .   (no shield)
rNeg     + + +     Faith    .   n - +1 robe {rN+}
rPois    ∞         Spirit   .   (no helmet)
rElec    .         Reflect  .   d - +0 cloak
rCorr    .         Harm     .   (no gloves)
MR       .....                  i - +1 pair of boots
Stlth    ++++++....             (no amulet)
Regen    0.0/turn               (no ring)
MPRegen  0.1/turn               (no ring)

@: bloodless, non-regenerating
A: fangs 3, see invisible, unbreathing
a: Bat Form


You were on level 1 of the Dungeon.
You were bloodless.

You visited 1 branch of the dungeon, and saw 2 of its levels.

You collected 36 gold pieces.

Inventory:

Hand Weapons
 a - a +2 dagger
 b - a +0 blowgun
 l - a cursed -3 dagger (weapon)
Missiles
 e - 8 poisoned needles
 f - 2 curare-tipped needles
Armour
 c - a +0 robe
 d - a +0 cloak (worn)
 i - a +1 pair of boots (worn)
 n - a +1 robe of positive energy (worn)
Wands
 m - a wand of digging (12/24)
Scrolls
 h - a scroll of blinking {unknown}
 j - a scroll of identify
 k - 2 scrolls of teleportation
Potions
 g - 12 potions of blood


   Skills:
 - Level 1.7 Fighting
 + Level 3.6 Short Blades
 - Level 1.5 Throwing
 + Level 2.7 Dodging
 + Level 6.8 Stealth


You had 3 spell levels left.
You didn't know any spells.

Dungeon Overview and Level Annotations

Branches:
Dungeon (2/15)

Altars:


Innate Abilities, Weirdness & Mutations

You do not heal naturally.
You are immune to poison.
You have razor-sharp teeth.
You have supernaturally acute eyesight. (SInv)
You can survive without breathing.


Message History

You hit the dart slug.
The dart slug is lightly wounded.
You barely miss the dart slug.
The dart slug is lightly wounded.
The dart slug bites you but does no damage.
You hit the dart slug but do no damage.
The dart slug is lightly wounded.
You completely miss the dart slug.
The dart slug is lightly wounded.
The dart slug barely misses you.
You hit the dart slug but do no damage.
The dart slug is lightly wounded.
The dart slug closely misses you.
You hit the dart slug but do no damage.
The dart slug is lightly wounded.
You hit the dart slug.
The dart slug is moderately wounded.
The dart slug launches a dart at you. The slug dart hits you!
You die...

######## #.....w#
#######w####@#
####.......# #.#
#..........#
#.###########
#.##%#####.#
#...........#
#.#..# #.#
###########.#
#.#+## #.# #.#
#.#.# #.#
###########.######
##.#.# #.#
#.................
...#.# #.#
#.#########.......


You could see a dart slug.

Vanquished Creatures
  Jessica (D:2)
  2 adders (D:2)
  2 dart slugs
  3 leopard geckos (D:1)
  8 bats
  4 goblins
  2 hobgoblins (D:1)
  10 jackals (D:1)
  3 kobolds
  A frilled lizard (D:1)
  6 rats
42 creatures vanquished.

Notes
Turn   | Place    | Note
-------+----------+-------------------------------------------
     0 | D:1      | grindst0ne the Vampire Assassin began the quest for the Orb.
     0 | D:1      | Reached XP level 1. HP: 16/16 MP: 1/1
    70 | D:1      | Reached skill level 6 in Stealth
   104 | D:1      | Reached XP level 2. HP: 15/22 MP: 2/2
  1988 | D:1      | Reached XP level 3. HP: 27/27 MP: 3/3
  2585 | D:2      | Noticed Jessica
  2587 | D:2      | Killed Jessica
  2587 | D:2      | Reached XP level 4. HP: 33/33 MP: 4/4
  2996 | D:1      | Killed from afar by a dart slug

Skill      XL: |  1  2  3 |
---------------+----------+-----
Stealth        | 6 |  6.8
Short Blades   | 3 |  3.6
Dodging        | 2 |  2.7
Fighting       | |  1.7
Throwing       | |  1.5

Action                   |  1- 3 |  4- 6 || total
-------------------------+-------+-------++-------
Melee: Dagger            |    92 |    79 ||   171
       Bite              |     9 |     5 ||    14
       Unarmed           |     7 |       ||     7
 Abil: End Transformatio |     1 |       ||     1
       Bat Form          |     1 |       ||     1
  Use: Scroll            |     2 |       ||     2
 Stab: Sleeping          |    20 |     2 ||    22
       Distracted        |     1 |       ||     1
Armor: Robe              |    17 |     8 ||    25
Dodge: Dodged            |    80 |    39 ||   119
